 Dungeon Crawl Stone Soup version 0.30.0-15-g856e2d3f33 (webtiles) character file.

Game seed: 1782245186950989126

16340 ProzacElf the Cleaver (level 12, -2/78 HPs)
             Began as a Demonspawn Gladiator on May 19, 2023.
             Was a Priest of Nemelex Xobeh.
             Slain by a skeletal warrior
             ... wielding a +1 glaive of freezing
              (21 damage)
             ... on level 11 of the Dungeon.
             The game lasted 00:33:19 (11793 turns).

ProzacElf the Cleaver (Demonspawn Gladiator)       Turns: 11793, Time: 00:33:20

Health: -2/78      AC: 21    Str: 17    XL:     12   Next: 9%
Magic:  19/19      EV: 12    Int:  9    God:    Nemelex Xobeh [***...]
Gold:   532        SH:  4    Dex: 18    Spells: 11/11 levels left

rFire   + . .        L - +4 battleaxe
rCold   . . .        (shield currently unavailable)
rNeg    . . .        C - +2 plate armour {rF+}
rPois   .            c - +0 helmet
rElec   .            (no cloak)
rCorr   +            (gloves unavailable)
SInv    +            A - +2 pair of boots
Will    +....        T - amulet of the acrobat Stlth
                     i - +5 ring of evasion {=R}
HPRegen 0.33/turn    F - ring of Leosyene {Contam Will+ rCorr SInv}
MPRegen 0.16/turn

%: acrobat
@: studying Throwing
A: icemail 1, condensation shield, demonic touch 3
a: Renounce Religion, Draw Escape, Draw Destruction, Draw Summoning, Triple Draw


You were on level 11 of the Dungeon.
You worshipped Nemelex Xobeh.
Nemelex Xobeh was most pleased with you.
You visited 2 branches of the dungeon, and saw 12 of its levels.
You also visited: Bailey.

You collected 640 gold pieces.
You spent 108 gold pieces at shops.

Inventory:

Hand Weapons
 a - a +2 great sword
 b - the +8 hand axe "Roxysug" {vamp, Will++ Str+5 Stlth+}
   (You found it on level 8 of the Dungeon)

   Str:       It affects your strength (+5).
   Will:      It greatly increases your willpower.
   Stlth:     It makes you more stealthy.
 t - a +1 demon whip of venom
 L - a +4 battleaxe (weapon)
 N - a +0 scimitar
 O - a +2 battleaxe of freezing
Missiles
 d - 5 throwing nets
 e - a javelin
 p - 2 atropa-tipped darts
 W - 12 poisoned darts (quivered)
Armour
 c - a +0 helmet (worn)
 k - +0 acid dragon scales
 n - a +2 ring mail of positive energy
 z - a +1 pair of gloves
 A - a +2 pair of boots (worn)
 C - a +2 plate armour of fire resistance (worn)
 D - the sphere of Battle
   (You found it in a bailey)

   It enhances your destructive magic.
   It weakens your non-destructive magic.
   It summons a battlesphere in combat, with strength depending on Conjurations
   skill.
Jewellery
 i - a +5 ring of evasion (left hand) {=R}
 s - a +6 ring of dexterity
 E - a +6 ring of strength
 F - the ring of Leosyene (right hand) {Contam Will+ rCorr SInv}
   (You took it off a goblin on level 4 of the Dungeon)

   [ring of willpower]

   SInv:      It lets you see invisible.
   Contam:    It causes magical contamination when unequipped.
   rCorr:     It protects you from acid and corrosion.
   Will:      It increases your willpower.
 T - an amulet of the acrobat (around neck)
Wands
 r - a wand of roots (18)
 J - a wand of digging (12)
 P - a wand of flame (9)
 S - a wand of light (4)
 Z - a wand of mindburst (9)
Scrolls
 f - a scroll of teleportation
 h - a scroll of magic mapping
 j - 2 scrolls of enchant armour
 l - a scroll of amnesia
 m - a scroll of identify
 q - a scroll of fear
 v - a scroll of acquirement
 w - 4 scrolls of fog
 y - 2 scrolls of blinking
 M - 3 scrolls of enchant weapon
 U - a scroll of poison
 X - a scroll of torment
 Y - a scroll of vulnerability
Potions
 g - 3 potions of lignification
 o - 3 potions of might
 u - 12 potions of curing
 x - 2 potions of magic
 B - 4 potions of resistance
 G - a potion of cancellation
 H - 3 potions of attraction
 K - 2 potions of flight
 Q - 2 potions of heal wounds
 R - 4 potions of mutation


   Skills:
 - Level 2.0 Fighting
 - Level 9.8 Long Blades
 - Level 11.9(12.0) Axes
 - Level 1.4(7.7) Maces & Flails
 - Level 1.7 Throwing
 + Level 3.3 Armour
 - Level 5.0 Dodging
 - Level 5.0 Stealth
 - Level 10.0 Invocations


You had 11 spell levels left.
You didn't know any spells.
Your spell library contained the following spells:

 Spells                   Type           Power      Damage    Failure   Level
 Magic Dart               Conj           0%         1d3       100%        1
 Slow                     Hex            0%         N/A       100%        1
 Call Imp                 Summ           0%         N/A       100%        2
 Cigotuvi's Dreadful Rot  Necr/Pois/Air  0%         N/A       100%        2
 Call Canine Familiar     Summ           0%         N/A       100%        3
 Confusing Touch          Hex            0%         N/A       100%        3
 Frozen Ramparts          Ice            0%         1d1       100%        3
 Ignite Poison            Fire/Tmut/Pois 0%         N/A       100%        3
 Mephitic Cloud           Conj/Pois/Air  0%         N/A       100%        3
 Portal Projectile        Hex/Tloc       0%         N/A       100%        3
 Vampiric Draining        Necr           0%         2d6       100%        3
 Dispel Undead            Necr           0%         3d6       100%        4
 Ice Form                 Ice/Tmut       0%         N/A       100%        4
 Leda's Liquefaction      Hex/Erth       0%         N/A       100%        4
 Olgreb's Toxic Radiance  Pois           0%         N/A       100%        4
 Petrify                  Tmut/Erth      0%         N/A       100%        4
 Summon Ice Beast         Ice/Summ       0%         N/A       100%        4
 Freezing Cloud           Conj/Ice/Air   0%         6-21      100%        5
 Metabolic Englaciation   Hex/Ice        0%         N/A       100%        5
 Death Channel            Necr           0%         N/A       100%        6
 Statue Form              Tmut/Erth      0%         N/A       100%        6
 Discord                  Hex            0%         N/A       100%        8
 Ignition                 Fire           0%         3d3       100%        8


Dungeon Overview and Level Annotations

Branches:
Dungeon (11/15)            Temple (1/1) D:7            Lair (0/5) D:11
    Orc (0/2) D:11         Bailey (visited)

Altars:
Ashenzari
Cheibriados
Dithmenos
Fedhas
Gozag
Hepliaklqana
Kikubaaqudgha
Makhleb
Nemelex Xobeh
Okawaru
Qazlal
Ru
Sif Muna
Trog
Uskayaw
Vehumet
Wu Jian
Xom
Yredelemnul

Shops:
D:9 **=*


Innate Abilities, Weirdness & Mutations

A meltable icy envelope protects you from harm. (AC +4)
A meltable shield of frost defends you. (SH +4)
Your touch may irresistibly damage your foes and sap their willpower.


Message History

Tha skeletal warrior hits ye wit' a +1 glaive o' freezin'!
Tha skeletal warrior freezes ye.
Tha wrait' closely misses ye.
Ye take 15 damage, an' haf 31/78 hp.
Ye be too injured ta fight recklessly!
Ye be too injured ta fight recklessly!
Ye be too injured ta fight recklessly!
Ye be too injured ta fight recklessly!
Ye be too injured ta fight recklessly!
Ye be too injured ta fight recklessly!
Ye be too injured ta fight recklessly!
Ye be too injured ta fight recklessly!
Ye be too injured ta fight recklessly!
Ye be too injured ta fight recklessly!
Ye be too injured ta fight recklessly!
Ye be too injured ta fight recklessly!
Ye be too injured ta fight recklessly!
Ye be too injured ta fight recklessly!
Ye be too injured ta fight recklessly!
Ye be too injured ta fight recklessly!
Ye be too injured ta fight recklessly!
Ye be too injured ta fight recklessly!
Ye be too injured ta fight recklessly!
Tha skeletal warrior hits ye from afar wit' a +1 glaive o' freezin'!
* * * LOW HITPOINT WARNIN'
* * * Tha skeletal warrior freezes ye.
* * * LOW HITPOINT WARNIN'
* * * Ye take 13 damage, an' haf 18/78 hp.
Tha wrait' attacks as ye move away!
Tha wrait' misses ye.
Ye feel tha dreadful sensation subside.
L - a +4 battleaxe (weapon)
Ye closely miss tha wrait'.
Tha wrait' be heavily damaged.
Tha wrait' hits ye but does nay damage.
Ye hit tha wrait'.
Tha wrait' be severely damaged.
Ye block tha skeletal warrior's attack.
Tha wrait' hits ye.
* * * LOW HITPOINT WARNIN'
* * * Tha skeletal warrior hits ye from afar wit' a +1 glaive o' freezin'!!
Ye die...
Yer body glows slightly an' disappears.

###### #####....######
#.............. #.###[.z#### #
#.# ##W#..##.# ###'####@#.#zW#
#........##..#.#
#........#..#. .#
#........#.###) .# #........##
#. $. #########.......)# ## #.
............####.#
.....#.>..#####..#
.................##########..#


You could see a skeletal warrior and a wraith.

Vanquished Creatures
  Fannar (D:11)
  3 two-headed ogres
  Amaemon (D:10)
  Pikel (D:8)
  A cyclops (D:11)
  An ugly thing (D:11)
  A manticore (D:11)
  An orange demon (D:10)
  Psyche (D:11)
  A gargoyle (D:10)
  2 kobold demonologists (Bailey)
  An unseen horror (D:5)
  5 trolls
  A hornet (D:8)
  A vampire (D:11)
  A wyvern (D:8)
  6 yaks (D:10)
  4 steam dragons
  4 vampire mosquitoes (D:11)
  4 wargs (D:11)
  2 acid dragons (D:11)
  14 orc warriors
  A sky beast (D:6)
  A black bear (D:11)
  An ogre (D:5)
  3 centaurs
  4 lemures (D:8)
  2 phantoms
  3 kobold brigands
  2 bullfrogs
  9 scorpions
  20 wights
  23 killer bees
  3 howler monkeys
  3 electric eels (Bailey)
  2 jellies
  7 orc priests
  A gnoll bouda (D:8)
  2 sleepcaps
  2 iguanas
  11 orc wizards
  18 gnolls
  9 adders
  A white imp (D:6)
  2 ufetubi
  2 worms
  3 dart slugs
  50 orcs
  8 endoplasms
  A giant cockroach (D:4)
  10 goblins
  11 hobgoblins
  20 kobolds
  3 quokkas
  5 ball pythons
  5 bats
  4 frilled lizards
  3 rats
312 creatures vanquished.

Notes
Turn   | Place    | Note
-------+----------+-------------------------------------------
     0 | D:1      | ProzacElf the Demonspawn Gladiator began the quest for the
                  | Orb.
     0 | D:1      | Reached XP level 1. HP: 16/16 MP: 1/1
    97 | D:1      | Reached skill level 1 in Stealth
   205 | D:1      | Gained mutation: A meltable shield of frost defends you.
                  | (SH +4) [demonic ancestry]
   205 | D:1      | Reached XP level 2. HP: 22/22 MP: 2/2
   657 | D:2      | Reached XP level 3. HP: 17/27 MP: 3/3
   874 | D:2      | Identified the staff of air "Dibesk" {rElec Dex+6}
  1025 | D:2      | Reached XP level 4. HP: 21/33 MP: 4/4
  1558 | D:2      | Found a faded altar of an unknown god.
  1984 | D:3      | Gained mutation: Your touch may inflict minor irresistible
                  | damage on your foes. [demonic ancestry]
  1984 | D:3      | Reached XP level 5. HP: 38/38 MP: 5/5
  2536 | D:4      | Noticed a phantom
  2556 | D:4      | Killed a phantom
  2557 | D:4      | Gained mutation: A meltable icy envelope protects you from
                  | harm. (AC +4) [demonic ancestry]
  2557 | D:4      | Reached XP level 6. HP: 43/44 MP: 6/6
  2744 | D:4      | Found a blossoming altar of Fedhas.
  2745 | D:4      | Found an ancient bone altar of Kikubaaqudgha.
  2746 | D:4      | Found a burning altar of Makhleb.
  2746 | D:4      | Found a stormy altar of Qazlal.
  2872 | D:4      | Identified the ring of Leosyene {Contam Will+ rCorr SInv}
  2966 | D:5      | Entered Level 5 of the Dungeon
  3042 | D:5      | Reached skill level 5 in Long Blades
  3055 | D:5      | Reached skill level 5 in Stealth
  3055 | D:5      | Reached XP level 7. HP: 49/50 MP: 7/7
  3669 | D:5      | Killed an unseen horror
  3670 | D:5      | Reached XP level 8. HP: 14/56 MP: 8/8
  4527 | D:6      | Reached skill level 1 in Axes
  4662 | D:6      | Gained mutation: Your touch may inflict irresistible damage
                  | on your foes. [demonic ancestry]
  4662 | D:6      | Reached XP level 9. HP: 61/61 MP: 9/9
  4786 | D:6      | Found a hide-covered altar of Uskayaw.
  5438 | D:7      | Found an iron altar of Okawaru.
  5460 | D:7      | Found a staircase to the Ecumenical Temple.
  5480 | D:7      | Reached skill level 2 in Axes
  5787 | Temple   | Entered the Ecumenical Temple
  5799 | Temple   | Became a worshipper of Nemelex Xobeh the Trickster
  6180 | D:7      | Reached skill level 3 in Axes
  6181 | D:7      | Found a broken altar of Ashenzari.
  6457 | D:8      | Identified a scroll of acquirement
  6457 | D:8      | Acquired a manual of Throwing
  6569 | D:8      | Reached skill level 1 in Maces & Flails
  6587 | D:8      | Found a flagged portal.
  6593 | D:8      | Identified the +8 hand axe "Roxysug" {vamp, Will++ Str+5
                  | Stlth+}
  6598 | Bailey   | Entered a bailey
  6628 | Bailey   | Reached skill level 5 in Dodging
  6633 | Bailey   | Reached skill level 4 in Axes
  6699 | Bailey   | Reached skill level 5 in Axes
  6738 | Bailey   | Noticed a kobold demonologist
  6741 | Bailey   | Found the sphere of Battle
  6748 | Bailey   | Noticed a hellwing
  6752 | Bailey   | Noticed an orange demon
  6755 | Bailey   | Killed a kobold demonologist
  6757 | Bailey   | Reached skill level 6 in Axes
  6797 | Bailey   | Reached XP level 10. HP: 67/67 MP: 10/10
  7000 | Bailey   | Found an iron altar of Okawaru.
  7011 | Bailey   | Noticed a smoke demon
  7018 | Bailey   | Reached skill level 7 in Axes
  7404 | D:8      | Noticed Pikel
  7430 | D:8      | Killed Pikel
  7431 | D:8      | Reached skill level 8 in Axes
  7526 | D:8      | Found a bloodstained altar of Trog.
  7780 | D:8      | Reached * piety under Nemelex Xobeh
  7930 | D:8      | Received a gift from Nemelex Xobeh
  8448 | D:9      | Reached skill level 9 in Axes
  8633 | D:9      | Found Loabbaunle's Jewellery Emporium.
  8712 | D:9      | Found Mape's Assorted Antiques.
  8725 | D:9      | Bought a scroll labelled MIK JEOLINUYPN for 27 gold pieces
  8799 | D:9      | Found Gaphov's Assorted Antiques.
  8804 | D:9      | Bought 2 fuming golden potions for 52 gold pieces
  8804 | D:9      | Bought a scroll labelled MIK JEOLINUYPN for 29 gold pieces
  8853 | D:9      | Reached skill level 10 in Axes
  9028 | D:9      | Reached XP level 11. HP: 65/72 MP: 11/11
  9263 | D:9      | Found Soxecefruu's Neck Hole.
  9493 | D:10     | Entered Level 10 of the Dungeon
  9497 | D:10     | Reached ** piety under Nemelex Xobeh
  9669 | D:10     | Found a radiant altar of Vehumet.
  9733 | D:10     | Noticed a two-headed ogre
  9736 | D:10     | Reached skill level 1 in Invocations
  9751 | D:10     | Killed a two-headed ogre
  9911 | D:10     | Reached skill level 11 in Axes
 10102 | D:10     | Noticed Amaemon
 10121 | D:10     | Killed Amaemon
 10122 | D:10     | Reached skill level 5 in Invocations
 10342 | D:10     | Found an opulent altar of Gozag.
 10576 | D:11     | Noticed Psyche
 10588 | D:11     | Killed Psyche
 10743 | D:11     | Found a staircase to the Lair.
 10794 | D:11     | Found a staircase to the Orcish Mines.
 10941 | D:11     | Found a gate leading to a gauntlet.
 11012 | D:11     | Noticed a green ugly thing
 11025 | D:11     | Killed a green ugly thing
 11030 | D:11     | Noticed a two-headed ogre
 11037 | D:11     | Killed a two-headed ogre
 11061 | D:11     | Received a gift from Nemelex Xobeh
 11136 | D:11     | Noticed a two-headed ogre
 11144 | D:11     | Killed a two-headed ogre
 11177 | D:11     | Reached skill level 10 in Invocations
 11190 | D:11     | Noticed Fannar
 11207 | D:11     | Killed Fannar
 11208 | D:11     | Gained mutation: Your touch may irresistibly damage your
                  | foes and sap their willpower. [demonic ancestry]
 11208 | D:11     | Reached XP level 12. HP: 62/78 MP: 19/19
 11697 | D:11     | Reached *** piety under Nemelex Xobeh
 11778 | D:11     | Found the +5 scythe "Finisher" {speed, execute}
 11793 | D:11     | Slain by a skeletal warrior

Illustrated notes

Levels and vault maps discovered:
D:1:      matt_arrival_spirals, layout_basic
D:2:      layout_basic, ebering_ecumenical_altar_petrified
D:3:      layout_basic
D:4:      layout_loops_ring, mainiacjoe_overflow_alcove_3, serial_bayou_ford_a
D:5:      layout_loops_ring
D:6:      layout_basic, nicolae_uskayaw_dance_studio, minivault_24,
          kennysheep_another_room
D:7:      layout_basic, kennysheep_okawaru_gauntlet, marbit_many_paths,
          minmay_temple_entry_junction
D:8:      layout_basic, zin_scriptorium, mainiacjoe_overflow_alcove_2,
          enter_bailey_2, uniq_pikel
D:9:      layout_cave_pods, serial_shops, nicolae_shop_hallway_plus, shop, shop,
          nicolae_shop_sticking_my_neck_out
D:10:     layout_long_grid, nicolae_elyvilon_temple_path,
          nicolae_vehumet_radiance, mainiacjoe_overflow_brackets, serial_bayou,
          serial_bayou_pond_b, serial_bayou_pond_a, dk_rats_in_the_wall,
          uniq_amaemon
D:11:     layout_basic, grunt_lair_entry_orc_guard_hut,
          minmay_orc_entry_guard_dogs, gauntlet_entry_generic,
          minmay_guarded_unrand_finisher, uniq_psyche, uniq_fannar
Temple:   nicolae_temple_bog_church

Skill      XL: |  1  2  3  4  5  6  7  8  9 10 11 12 |
---------------+-------------------------------------+-----
Stealth        | 1 2 3 4 5 |  5.0
Long Blades    | 3 4 5 7 9 |  9.8
Axes           | 1 6 10 11 | 11.9
Dodging        | 3 5 |  5.0
Maces & Flails | 1 |  1.4
Invocations    | 10 | 10.0
Armour         | 2 3 |  3.3
Fighting       | |  2.0
Throwing       | |  1.7

Action                     |  1- 3 |  4- 6 |  7- 9 | 10-12 || total
---------------------------+-------+-------+-------+-------++-------
  Melee: Long sword        |    23 |       |       |       ||    23
         Short sword       |    77 |    90 |       |       ||   167
         Punch             |     1 |     1 |     1 |     4 ||     7
         Great sword       |       |   102 |   275 |       ||   377
         Hand axe          |       |       |    56 |   453 ||   509
         Touch             |       |       |    17 |    80 ||    97
         Flail             |       |       |     8 |       ||     8
         Battleaxe         |       |       |       |     2 ||     2
  Evoke: Wand              |       |       |     5 |     5 ||    10
    Use: Potion            |       |     1 |     1 |       ||     2
         Scroll            |       |     4 |    13 |     5 ||    22
   Stab: Sleeping          |     4 |     4 |     3 |     1 ||    12
 Armour: Leather armour    |     8 |       |       |       ||     8
         Ring mail         |     2 |    42 |   175 |    32 ||   251
         Skin              |       |     2 |       |       ||     2
         Plate armour      |       |       |       |   179 ||   179
  Dodge: Dodged            |    60 |   144 |   285 |   352 ||   841
  Block: Other             |    22 |    31 |    47 |    81 ||   181

Action                     |  1- 3 |  4- 6 |  7- 9 | 10-12 || total
---------------------------+-------+-------+-------+-------++-------
  Melee: Long sword        |    23 |       |       |       ||    23
         Short sword       |    77 |    90 |       |       ||   167
         Punch             |     1 |     1 |     1 |     4 ||     7
         Great sword       |       |   102 |   275 |       ||   377
         Hand axe          |       |       |    56 |   453 ||   509
         Touch             |       |       |    17 |    80 ||    97
         Flail             |       |       |     8 |       ||     8
         Battleaxe         |       |       |       |     2 ||     2
  Evoke: Wand              |       |       |     5 |     5 ||    10
    Use: Potion            |       |     1 |     1 |       ||     2
         Scroll            |       |     4 |    13 |     5 ||    22
   Stab: Sleeping          |     4 |     4 |     3 |     1 ||    12
 Armour: Leather armour    |     8 |       |       |       ||     8
         Ring mail         |     2 |    42 |   175 |    32 ||   251
         Skin              |       |     2 |       |       ||     2
         Plate armour      |       |       |       |   179 ||   179
  Dodge: Dodged            |    60 |   144 |   285 |   352 ||   841
  Block: Other             |    22 |    31 |    47 |    81 ||   181

Levels and vault maps discovered:
D:1:      matt_arrival_spirals, layout_basic
D:2:      layout_basic, ebering_ecumenical_altar_petrified
D:3:      layout_basic
D:4:      layout_loops_ring, mainiacjoe_overflow_alcove_3, serial_bayou_ford_a
D:5:      layout_loops_ring
D:6:      layout_basic, nicolae_uskayaw_dance_studio, minivault_24,
          kennysheep_another_room
D:7:      layout_basic, kennysheep_okawaru_gauntlet, marbit_many_paths,
          minmay_temple_entry_junction
D:8:      layout_basic, zin_scriptorium, mainiacjoe_overflow_alcove_2,
          enter_bailey_2, uniq_pikel
D:9:      layout_cave_pods, serial_shops, nicolae_shop_hallway_plus, shop, shop,
          nicolae_shop_sticking_my_neck_out
D:10:     layout_long_grid, nicolae_elyvilon_temple_path,
          nicolae_vehumet_radiance, mainiacjoe_overflow_brackets, serial_bayou,
          serial_bayou_pond_b, serial_bayou_pond_a, dk_rats_in_the_wall,
          uniq_amaemon
D:11:     layout_basic, grunt_lair_entry_orc_guard_hut,
          minmay_orc_entry_guard_dogs, gauntlet_entry_generic,
          minmay_guarded_unrand_finisher, uniq_psyche, uniq_fannar
Temple:   nicolae_temple_bog_church
